 Dungeon Crawl Stone Soup version 0.19-a0-1740-g0bcaf2e (webtiles) character file.

1512 Amnesiac the Basher (level 8, -5/69 HPs)
             Began as an Ogre Chaos Knight on Oct 1, 2016.
             Slain by a sixfirhy (9 damage)
             ... summoned by Xom
             ... on level 6 of the Dungeon.
             The game lasted 00:10:13 (7118 turns).

Amnesiac the Basher (Ogre Chaos Knight)             Turns: 7118, Time: 00:10:14

Health: -5/69      AC:  7    Str: 15 (16) XL:     8   Next: 83%
Magic:  8/8        EV: 10    Int: 10 (11) God:    Xom [......]
Gold:   274        SH:  0    Dex:  6 (9)  Spells: 0 memorised, 7 levels left

rFire  . . .     SeeInvis .     E - +0 giant club (chaos)
rCold  . . .     Gourm    +     b - +2 robe
rNeg   . . .     Faith    .     (shield currently unavailable)
rPois  .         Spirit   .     (helmet restricted)
rElec  .         Dismiss  .     p - +0 cloak
rCorr  .         Reflect  .     (gloves unavailable)
MR     .....     Harm     .     (boots unavailable)
Stlth  ++........ Rnd*Tele +    q - amulet of the gourmand
                                A - ring of stealth
                                y - ring of teleportation (curse)

@: lethally poisoned (-5 -> -6)
A: unfitting armour, horns 1, blink, clumsy 1, deterioration 2, frail 2,
screaming 1, shaggy fur 1, tough skin 1, weak 1
a: Blink, Renounce Religion


You were on level 6 of the Dungeon.
You worshipped Xom.
You were a very special plaything of Xom.
You were not hungry.

You visited 1 branch of the dungeon, and saw 6 of its levels.
You also visited: Ossuary.

You collected 456 gold pieces.
You spent 182 gold pieces at shops.

Inventory:

Hand Weapons
 E - a +0 giant club of chaos (weapon)
Missiles
 e - 3 javelins of penetration (quivered)
 g - 2 throwing nets
Armour
 b - a +2 robe (worn)
 p - a +0 cloak (worn)
Jewellery
 q - an amulet of the gourmand (around neck)
 y - a cursed ring of teleportation (left hand)
 A - a ring of stealth (right hand)
 B - an uncursed ring of magical power
Wands
 s - a wand of paralysis (12/24)
Scrolls
 d - a scroll of amnesia {unknown}
 f - 2 scrolls of teleportation {unknown}
 h - 3 scrolls of recharging {unknown}
 k - 2 scrolls of noise {unknown}
 t - a scroll of enchant armour {unknown}
 z - a scroll of blinking {unknown}
Potions
 a - a potion of agility
 i - 7 potions of heal wounds
 j - 2 potions of magic
 m - 2 potions of berserk rage {unknown}
 n - a potion of degeneration {unknown}
 o - 3 potions of curing
 v - a potion of brilliance
 C - a potion of cancellation
Comestibles
 c - 3 bread rations
 l - a royal jelly
 r - a slice of pizza
 u - 2 fruits
 w - 5 meat rations


   Skills:
 + Level 7.2 Fighting
 * Level 10.0 Maces & Flails
 + Level 4.5 Throwing
 + Level 4.5 Dodging


You had 7 spell levels left.
You didn't know any spells.

Dungeon Overview and Level Annotations

Branches:
Dungeon (6/15)             Temple (0/1) D:4

Altars:
Cheibriados
Elyvilon
Gozag
Kikubaaqudgha
Uskayaw
Xom
Yredelemnul

Shops:
D:5 ((?!


Innate Abilities, Weirdness & Mutations

You are too large for most types of armour.
You have tough skin. (AC +1)
You have a pair of small horns on your head.
You can translocate small distances at will.
You are clumsy. (Dex -2)
Your body often deteriorates upon taking damage.
You are very frail. (-20% HP)
You occasionally shout uncontrollably at your foes.
You are covered in fur. (AC +1)
You are weak. (Str -2)


Message History

No target in view!
No target in view!
You start resting.
You feel sick. x2 "Time to have some fun!"
The hellwing barely misses you.
The hellwing hits you but does no damage.
The crimson imp closely misses you.
Found 14 gold pieces.
Unknown command.
You feel sick. The sixfirhy hits you! The sixfirhy shocks you!
The sixfirhy hits you but does no damage.
The sixfirhy hits you. The sixfirhy shocks you!
You feel sick. The sixfirhy hits you!
* * * LOW HITPOINT WARNING * * *
Your body deteriorates!
You feel weakened. The sixfirhy shocks you!
* * * LOW HITPOINT WARNING * * *
The sixfirhy hits you!
You die...

#################
#..............$.
#.########....## .
##########.#######......#..
................@3.5.......
##########.#####..#4.......
.................##........
.#######.#####.....5.......
.# #......................
.# #.##.###.#........####.
.####..#.# #.##......##
.......#.# #.###.....#
....#..#.# #.. ......#


You could see a hellwing, a sixfirhy and a crimson imp.

Vanquished Creatures
  The ghost of vev the Sneak, an amateur GrAs (D:3)
  Sigmund (D:6)
  3 ogres
  A phantom (D:3)
  2 scorpions
  2 howler monkeys
  A centaur zombie (Ossuary)
  A jelly (D:5)
  2 hounds (D:5)
  An iguana (D:5)
  Ijyb (D:3)
  An orc wizard (D:4)
  A worker ant (D:5)
  3 big kobold zombies (Ossuary)
  A hound zombie (D:5)
  2 mummies (Ossuary)
  Robin (D:2)
  6 gnolls
  7 adders
  2 shadow imps
  2 adder zombies
  A worm (D:4)
  2 dart slugs
  3 leopard geckos
  13 orcs
  3 ball pythons
  12 bats
  8 giant cockroaches
  14 goblins
  11 hobgoblins
  13 jackals
  2 quokkas (D:2)
  4 frilled lizards
  3 goblin zombies
  6 hobgoblin zombies (Ossuary)
  A jackal zombie (Ossuary)
  5 kobolds
  8 kobold zombies (Ossuary)
  12 orc zombies (Ossuary)
  A quokka skeleton (D:5)
  6 rats
  3 rat zombies
173 creatures vanquished.

Vanquished Creatures (collateral kills)
  Terence (D:3)
  2 gnolls (D:3)
  4 goblins (D:3)
  A frilled lizard (D:3)
  A kobold (D:3)
  A rat (D:2)
10 creatures vanquished.

Grand Total: 183 creatures vanquished

Notes
Turn   | Place    | Note
-------+----------+-------------------------------------------
     0 | D:1      | Amnesiac the Ogre Chaos Knight began the quest for the Orb.
     0 | D:1      | Reached XP level 1. HP: 24/24 MP: 1/1
    75 | D:1      | Reached XP level 2. HP: 26/32 MP: 2/2
   198 | D:1      | XOM: harmless Divn miscast
   431 | D:1      | XOM: divination: magic mapping
   507 | D:1      | Reached XP level 3. HP: 39/40 MP: 3/3
   523 | D:1      | Reached skill level 1 in Throwing
   702 | D:2      | Noticed Robin
   705 | D:2      | XOM: fog
   706 | D:2      | Reached skill level 5 in Maces & Flails
   750 | D:2      | Reached XP level 4. HP: 42/49 MP: 4/4
   778 | D:2      | Found an ancient bone altar of Kikubaaqudgha.
   783 | D:2      | Found a snail-covered altar of Cheibriados.
   942 | D:2      | Killed Robin
   942 | D:2      | Reached skill level 6 in Maces & Flails
   942 | D:2      | Reached XP level 5. HP: 39/55 MP: 5/5
  1270 | D:2      | XOM is BORED!
  1270 | D:2      | XOM: noise
  1305 | D:2      | Found a hide-covered altar of Uskayaw.
  1305 | D:2      | Found a basalt altar of Yredelemnul.
  1305 | D:2      | Found a white marble altar of Elyvilon.
  1491 | D:3      | Noticed vev's ghost (amateur GrAs)
  1500 | D:3      | XOM: smoke on damage
  1509 | D:3      | XOM: noise
  1511 | D:3      | XOM: mild Tmut miscast
  1674 | D:2      | XOM: medium Tmut miscast
  1676 | D:2      | Gained mutation: You are frail. (-10% HP) [mutagenic glow]
  1725 | D:2      | Gained mutation: You are very frail. (-20% HP) [mutagenic glow]
  1893 | D:3      | XOM: enchant monster (good)
  1896 | D:3      | XOM: potion effect (haste)
  2188 | D:3      | Noticed a phantom
  2205 | D:3      | XOM: cleaving
  2274 | D:2      | XOM: enchant monster (good)
  2277 | D:2      | Reached skill level 5 in Fighting
  2512 | D:3      | Killed a phantom
  2512 | D:3      | Reached XP level 6. HP: 19/52 MP: 6/6
  2532 | D:3      | XOM: god gift: 2 fruits
  2627 | D:3      | XOM: cloud trail
  2683 | D:3      | Paralysed by you for 4 turns
  2688 | D:3      | Noticed Terence
  2699 | D:3      | XOM: summons friendly shadow imp
  2707 | D:3      | Killed Terence
  2746 | D:3      | Noticed Ijyb
  2761 | D:3      | Killed Ijyb
  2764 | D:3      | Reached skill level 7 in Maces & Flails
  3075 | D:3      | XOM: cloud trail
  3470 | D:3      | XOM: summons 6 friendly demons
  3492 | D:3      | XOM: scenery: create altars
  3739 | D:3      | Killed vev's ghost
  3739 | D:3      | Reached XP level 7. HP: 37/59 MP: 7/7
  3777 | D:3      | XOM: summons 1 hostile demon
  3783 | D:3      | XOM: smoke on damage
  3961 | D:4      | Reached skill level 8 in Maces & Flails
  3961 | D:4      | XOM: enchant monster (bad)
  3980 | D:4      | Found a staircase to the Ecumenical Temple.
  4148 | D:4      | XOM: harmless Summ miscast
  4152 | D:4      | XOM: god gift: meat ration
  4213 | D:4      | XOM: smoke on damage
  4673 | D:4      | XOM: 10-stop teleportation journey
  4878 | D:4      | Found an opulent altar of Gozag.
  5030 | D:5      | Entered Level 5 of the Dungeon
  5073 | D:5      | Reached XP level 8. HP: 67/67 MP: 8/8
  5108 | D:5      | XOM: chaos upgrade
  5123 | D:5      | XOM: summons 3 hostile demons
  5124 | D:5      | Noticed a rust devil
  5124 | D:5      | Noticed an orange demon
  5129 | D:5      | HP: 2/67 [poisoned by an orange demon]
  5189 | D:4      | XOM: give mutations
  5189 | D:4      | Gained mutation: You occasionally shout uncontrollably at your foes. [Xom's mischief]
  5189 | D:4      | Gained mutation: You can translocate small distances at will. [Xom's mischief]
  5419 | D:5      | XOM: chaos cloud
  5423 | D:5      | Reached skill level 9 in Maces & Flails
  5442 | D:5      | Found Ymaa's Weapon Boutique.
  5510 | D:5      | XOM: polymorph orc priest -> iguana
  5571 | D:5      | Found Emid's Distillery.
  5580 | D:5      | Bought a potion of heal wounds for 65 gold pieces
  5580 | D:5      | Bought a potion of agility for 52 gold pieces
  5580 | D:5      | Bought a potion of heal wounds for 65 gold pieces
  5590 | D:5      | XOM: give mutations
  5590 | D:5      | Gained mutation: You are clumsy. (Dex -2) [Xom's mischief]
  5590 | D:5      | Gained mutation: You are covered in fur. (AC +1) [Xom's mischief]
  5590 | D:5      | Gained mutation: You are weak. (Str -2) [Xom's mischief]
  5590 | D:5      | Gained mutation: Your body sometimes deteriorates upon taking damage. [Xom's mischief]
  5635 | D:5      | Found Uqanog's Magic Scroll Boutique.
  5910 | D:5      | XOM: smoke on damage
  5921 | D:5      | Found Geruocig's Weapon Emporium.
  6032 | D:6      | Gained mutation: Your body often deteriorates upon taking damage. [potion of mutation]
  6032 | D:6      | Gained mutation: You have a pair of small horns on your head. [potion of mutation]
  6037 | D:6      | Noticed Sigmund
  6047 | D:6      | Killed Sigmund
  6080 | D:6      | Found a sand-covered staircase.
  6096 | Ossuary  | Entered an ossuary
  6399 | Ossuary  | Reached skill level 10 in Maces & Flails
  6432 | Ossuary  | XOM: summons 4 hostile shadow creatures
  6437 | Ossuary  | XOM: noise
  6478 | Ossuary  | XOM: summons 1 hostile demon
  6479 | Ossuary  | Noticed an orange demon
  6741 | Ossuary  | XOM: summons 3 hostile shadow creatures
  6810 | Ossuary  | XOM: medium Pois miscast
  7114 | D:6      | XOM: summons 4 hostile demons
  7115 | D:6      | Noticed a hellwing
  7115 | D:6      | Noticed a sixfirhy
  7118 | D:6      | Slain by a sixfirhy

Vault maps used:
D:1:      dpeg_arrival_pits
D:2:      grunt_temple_overflow_open, minmay_tree_intersection, uniq_robin
D:3:      kennysheep_the_goblin_king, first_bread, uniq_terence
D:4:      nicolae_gozag_cash_rules_everything_around_me
D:5:      serial_shops, shop, shop, shop, nicolae_shop_waterfront,
          minmay_misc_feat_nine_boxes
D:6:      enter_ossuary_4, serial_shops, shop, kennysheep_decorative_pillar,
          uniq_grinder, uniq_sigmund, uniq_pikel
Ossuary:  ossuary_tomb_1

Skill      XL: |  1  2  3  4  5  6  7  8 |
---------------+-------------------------+-----
Throwing       | 1 2 3 4 |  4.5
Maces & Flails | 5 6 7 8 10 | 10.0
Fighting       | 5 6 7 |  7.2
Dodging        | 3 4 |  4.5

Action                   |  1- 3 |  4- 6 |  7- 9 || total
-------------------------+-------+-------+-------++-------
Melee: Mace              |    97 |   302 |   105 ||   504
       Giant club        |       |       |   205 ||   205
       Headbutt          |       |       |    20 ||    20
  Use: Scroll            |       |       |     4 ||     4
       Potion            |       |       |     2 ||     2
 Stab: Paralysed         |       |     3 |     3 ||     6
       Confused          |       |     1 |       ||     1
       Petrified         |       |       |     3 ||     3
       Sleeping          |       |       |     6 ||     6
       Distracted        |       |       |     3 ||     3
  Eat: Chunk             |       |    16 |     8 ||    24
       Meat ration       |       |     1 |       ||     1
Armor: Robe              |    44 |   161 |    98 ||   303
Dodge: Dodged            |    47 |   115 |   151 ||   313
Block: Shield            |    15 |   112 |    24 ||   151
